AoeStats
← Furious Destroyer

Oasis

509911740Analyzed
3v3 RM · 3d ago on Sep 28, 2026· 69m 1s· 6 players
Game mode
Random Map
Map size
Normal (6 player)
Population
200
Speed
Normal
Resources
Standard
Victory
Conquest
Starting age
Dark Age
Ending age
Imperial Age
RankedLock teamsTeams togetherTeam positionsShared explorationLock speedFull tech treeHidden civsTurbo modeCheats
Victory
Defeat
🇪🇸 Saracens · Spain
880
+11
🇦🇷 Khmer · Argentina
862
+12
🇻🇳 Berbers · Vietnam
818
+14
🇺🇸 Maya · United States
826
-15
🇺🇸 Celts · United States
793
-13
🇺🇸 Spanish · United States
682
-15
AnnieQN
7:32 Loom
10:02 Feudal Age
11:42 Double-Bit Axe
20:18 Castle Age
19:26 Bloodlines
19:45 Gold Mining
19:46 Stone Mining
25:03 Husbandry
33:56 Imperial Age
32:09 Scale Barding Armor
31:55 Fletching
33:56 Thumb Ring
34:10 Horse Collar
35:15 Bodkin Arrow
36:04 Bracer
36:30 Heavy Plow
37:39 Elite Genitour
39:26 Crop Rotation
41:33 Chemistry
40:54 Ballistics
41:10 Padded Archer Armor
41:32 Chain Barding Armor
43:26 Leather Archer Armor
45:39 Ring Archer Armor
45:49 Plate Barding Armor
48:54 Forging
50:16 Maghrebi Camels
50:19 Kasbah
50:41 Conscription
50:22 Kasbah
50:43 Conscription
51:19 Siege Engineers
52:47 Kasbah
53:10 Conscription
53:17 Conscription
56:57 Iron Casting
57:23 Elite Camel Archer
61:05 Blast Furnace
59:47 Light Cavalry
59:51 Elite Skirmisher
63:34 Gold Shaft Mining
63:35 Stone Shaft Mining
65:32 Squires
65:46 Scale Mail Armor
Luisirk
11:36 Feudal Age
12:22 Double-Bit Axe
13:38 Wheelbarrow
15:09 Horse Collar
16:11 Town Watch
20:12 Castle Age
19:32 Bloodlines
19:30 Gold Mining
20:29 Forging
20:56 Scale Barding Armor
21:54 Husbandry
21:47 Light Cavalry
22:51 Heavy Plow
25:11 Bow Saw
25:07 Fletching
30:23 Iron Casting
31:16 Chain Barding Armor
35:26 Imperial Age
35:11 Bodkin Arrow
36:08 Hussar
38:24 Chemistry
43:33 Blast Furnace
46:21 Ballistics
47:15 Gold Shaft Mining
47:31 Siege Engineers
49:17 Counterweights
49:23 Counterweights
50:19 Murder Holes
57:53 Two-Man Saw
57:08 Masonry
58:28 Elite Mameluke
60:57 Stone Mining
64:31 Caravan
67:23 Plate Barding Armor
elterco_69
1:50 Loom
10:06 Feudal Age
13:10 Double-Bit Axe
15:41 Horse Collar
18:38 Gold Mining
21:59 Castle Age
23:06 Stone Mining
23:54 Gold Shaft Mining
23:32 Bow Saw
24:30 Stone Shaft Mining
24:33 Heavy Plow
35:32 Imperial Age
32:27 Light Cavalry
33:18 Bloodlines
34:31 Wheelbarrow
34:21 Husbandry
34:24 Murder Holes
35:29 Ballistics
36:01 Forging
35:56 Scale Barding Armor
36:03 Masonry
37:11 Elite Battle Elephant
38:56 Hand Cart
44:59 Iron Casting
44:45 Chain Barding Armor
44:57 Architecture
45:08 Hussar
47:13 Hoardings
48:17 Blast Furnace
48:08 Tusk Swords
49:51 Caravan
52:25 Chain Barding Armor
54:07 Plate Barding Armor
58:11 Crop Rotation
SimonAM
10:09 Feudal Age
10:15 Man-at-Arms
10:45 Loom
14:35 Wheelbarrow
14:28 Double-Bit Axe
14:59 Horse Collar
21:47 Castle Age
20:05 Scale Mail Armor
22:19 Long Swordsman
22:46 Gambesons
23:42 Chain Mail Armor
23:37 Forging
24:19 Town Watch
28:11 Iron Casting
29:03 Hand Cart
32:04 Imperial Age
32:46 Town Patrol
32:19 Two-Handed Swordsman
33:09 Gold Mining
33:41 Bow Saw
35:01 Pikeman
35:15 Capped Ram
37:23 Halberdier
39:20 Conscription
39:40 Heavy Plow
41:09 Champion
49:43 Plate Mail Armor
50:14 Blast Furnace
49:33 Stronghold
51:39 Heavy Scorpion
60:00 Fortified Wall
marin
0:36 Loom
11:30 Feudal Age
17:25 Castle Age
17:12 Double-Bit Axe
17:09 Horse Collar
18:14 Wheelbarrow
20:46 Fletching
21:12 Bow Saw
21:06 Gold Mining
22:52 Hand Cart
26:19 Ballistics
26:22 Bodkin Arrow
26:27 Padded Archer Armor
26:54 Town Watch
28:17 Town Patrol
29:00 Leather Archer Armor
32:31 Stone Mining
36:34 Stone Shaft Mining
44:43 Imperial Age
45:29 Bracer
46:00 Ring Archer Armor
44:53 Elite Plumed Archer
49:54 Pikeman
50:34 Squires
50:20 Arson
52:45 Chemistry
53:04 Halberdier
56:24 Forging
56:14 Scale Mail Armor
56:06 Eagle Warrior
58:35 Holcans
58:31 Elite Eagle Warrior
58:41 Elite Eagle Warrior
64:41 Heavy Plow
65:57 Two-Man Saw
67:00 Hul'che Javelineers
67:34 Elite Skirmisher
68:21 Thumb Ring
Furious Destroyer
6:04 Loom
11:14 Feudal Age
16:51 Castle Age
17:00 Double-Bit Axe
17:03 Horse Collar
26:25 Fletching
33:00 Padded Archer Armor
32:55 Bodkin Arrow
33:43 Caravan
38:04 Imperial Age
35:57 Bow Saw
36:48 Heavy Plow
38:23 Elite Conquistador
39:28 Conscription
40:47 Leather Archer Armor
40:32 Bracer
44:22 Ring Archer Armor
46:13 Scale Barding Armor
46:19 Forging
47:14 Two-Man Saw
47:16 Bloodlines
47:08 Husbandry
46:30 Light Cavalry
47:47 Hussar
50:15 Cavalier
51:38 Iron Casting
52:26 Chain Barding Armor
53:31 Blast Furnace
52:20 Pikeman
53:01 Squires
52:46 Gambesons
53:48 Halberdier
55:22 Plate Barding Armor
54:48 Scale Mail Armor
60:09 Chain Mail Armor
61:20 Plate Mail Armor
65:00 Wheelbarrow
65:55 Paladin
Connection lost

Rejoining the realm…

Still unreachable

The connection could not be restored.

Session expired

The server has moved on; the page needs a fresh start.